[Event "Airthings Masters MCCT Prel 2022"]
[Site "Online"]
[Date "2022.02.13"]
[Round "13.2"]
[White "Praggnanandhaa R"]
[Black "Keymer, Vincent"]
[Result "1/2-1/2"]
[ECO "B12"]
[WhiteElo "2612"]
[BlackElo "2664"]
[Annotator "ChessBase"]
[PlyCount "90"]
[EventDate "2022.02.18"]
[EventType "tourn"]
[EventCountry "NET"]
[SourceTitle "playchess.com"]
[Source "ChessBase"]
[SourceQuality "1"]
[TimeControl "900+10"]

1. e4 c6 2. d4 d5 3. e5 Bf5 4. h4 h5 5. Bd3 Bxd3 6. Qxd3 e6 7. Nf3 Qa5+ 8.
Nbd2 Nh6 9. O-O Nf5 10. a4 Qa6 11. c4 Bb4 12. b3 c5 13.
Qb1 Nxd4 14. Nxd4 cxd4 15. cxd5 exd5 16. Nf3 Qg6 17. Qxg6 fxg6 18. Bb2 Nc6 19. Nxd4 Nxd4 20. Bxd4 Ke7 21. Rfd1 Rhc8 22. Rd3 Rc6 23. Rad1 Ke6 24. Rg3 Kf7 25. Rf3+ Ke6 26. Rg3 Kf7 27. f4 Be7 28. f5 gxf5 29. e6+ Kxe6 30. Re1+ Kd7 31. Rxg7 Re6 32. Rxe6 Kxe6 33. Rg6+ Kd7 34. Rh6 Bxh4 35. Rxh5 Bg3 36. Rxf5 Kc6 37. Rf6+ Kd7 38. Rg6 Bd6 39. g4 a6 40. Kf2 Re8 41. g5 Re4 42. Rg7+ Ke6 43.
Rg6+ Kd7 44. Rg7+ Ke6 45. Rg6+ Kd7 1/2-1/2

[Event "Airthings Masters MCCT Prel 2022"]
[Site "Online"]
[Date "2022.02.13"]
[Round "14.3"]
[White "Abdusattorov, Nodirbek"]
[Black "Aronian, Levon"]
[Result "0-1"]
[ECO "A28"]
[WhiteElo "2651"]
[BlackElo "2772"]
[Annotator "RC"]
[PlyCount "114"]
[EventDate "2022.02.18"]
[EventType "tourn"]
[EventCountry "NET"]
[SourceTitle "playchess.com"]
[Source "ChessBase"]
[SourceQuality "1"]
[TimeControl "900+10"]

1. c4 Nf6 2. Nc3 e5 3. Nf3 Nc6 4. e4 Bc5 5. Nxe5 Nxe5 6. d4 Bb4 7. dxe5 Nxe4 8. Qf3 f5 9. Be2 O-O 10. O-O Bxc3 11. bxc3 Qe7 12. Qe3 b6 13. f3 Nc5 14. Ba3 d6 15. f4 Be6 16. exd6 cxd6 17. Bf3 Rae8 18. Rfe1 Qf6 19. Qd4 Qxd4+ 20. cxd4 Nd3 21. Red1 Bxc4 22. Bxd6 Rf7 23. a4 Rd8 24. Be5 Rfd7 25. h4 Kf7 26. Rdb1 Nxe5 27. dxe5 Rd4 28. Rd1 Ke7 29. Kf2 Bb3 30. Rxd4 Rxd4 31. a5 Rxf4 32. axb6 axb6 33. Ra7+ Kf8 34. Ra8+ Kf7 35. Ra7+ Kg6 36. Rb7 Rb4 37. Ke3 Kh6 38. Kd3 g6 39. Kc3 Rb5 40. Re7 Ba2 41. Re8 Rc5+ 42. Kd4 Rc4+ 43. Ke3 Rxh4 44. e6 Ra4 45. Bc6 b5 46. Bd7 Re4+ 47. Kf3 Bd5 48. Kf2 b4 49. Rb8 Bxe6 50. Bxe6 Rxe6 51. Rxb4 Kg5 52. g3 h5 53. Kf3 Re4 54. Rb3 h4 55. gxh4+ Rxh4 56. Rb6 Rh3+ 57. Kg2 Rc3 0-1

[Event "Airthings Masters MCCT Prel 2022"]
[Site "Online"]
[Date "2022.02.13"]
[Round "14.4"]
[White "Esipenko, Andrey"]
[Black "Duda, Jan-Krzysztof"]
[Result "0-1"]
[ECO "C50"]
[WhiteElo "2714"]
[BlackElo "2760"]
[Annotator "RC"]
[PlyCount "142"]
[EventDate "2022.02.18"]
[EventType "tourn"]
[EventCountry "NET"]
[SourceTitle "playchess.com"]
[Source "ChessBase"]
[SourceQuality "1"]
[TimeControl "900+10"]

1. e4 e5 2. Nf3 Nc6 3. Bc4 Bc5 4. d3 Nf6 5. a4 a5 6. Nc3 h6 7. Be3 Bxe3 8. fxe3 d6 9. Qe2 Ne7 10. Nh4 Be6 11. O-O Bxc4 12. dxc4 Nd7 13. Qg4 g6 14. Rf2 Rh7 15. Raf1 c6 16. Rd1 Nc8 17. Nf3 Qe7 18.
b3 Kd8 19. h4 Kc7 20. Qh3 Nc5 21. Rdf1 Nb6 22. h5 Nbd7 23. hxg6 fxg6 24. Nh4 Rg8 25. Qg4 Rhg7 26. Qh3 h5 27. Nf3 g5 28. Nd2 Rh7 29. g3 Nf8 30.
Rf6 Ncd7 31. R6f5 Ng6 32. Qh2 Rgg7 33. c5 Nxc5 34. Nc4 g4 35.
Rxh5 Nf8 36. Rff5 Nfe6 37. Qe2 Rxh5 38. Rxh5 Ng5 39. Nd2 Qf7 40. Rh6 Nf3+ 41. Nxf3 gxf3 42. Qh2 Nd7 43. Nd1 f2+ 44. Qxf2 Qe7 45. Qf3 Rf7 46. Qe2 Qg5 47. Rh3 Nf6 48. Nf2 Qg6 49. g4 Nxe4 50. Nxe4 Qxe4 51. Qg2 Qb4 52. Qe2 Rg7 53. Rg3 Rg5 54. Kh2 d5 55. Qf3 Qd2+ 56. Rg2 Qe1 57. Qg3 Qc1 58. Qf2 Kb6 59. Rg1 Qb2 60. Rg2 Qc3 61. Kh3 e4 62. Qf4 Qh8+ 63. Kg3 Rg8 64. Rh2 Qc3 65. g5 Qe1+ 66. Kg2 Qe2+ 67. Kg3 Qe1+ 68. Kg2 Qd1 69. Rh7 Qxc2+ 70. Kh3 Qxb3 71. Kg4 Qd1+ 0-1

[Event "Airthings Masters MCCT Prel 2022"]
[Site "Online"]
[Date "2022.02.13"]
[Round "14.5"]
[White "Nepomniachtchi, Ian"]
[Black "Ding, Liren"]
[Result "1/2-1/2"]
[ECO "C77"]
[WhiteElo "2773"]
[BlackElo "2799"]
[Annotator "RC"]
[PlyCount "133"]
[EventDate "2022.02.18"]
[EventType "tourn"]
[EventCountry "NET"]
[SourceTitle "playchess.com"]
[Source "ChessBase"]
[SourceQuality "1"]
[TimeControl "900+10"]

1. e4 e5 2. Nf3 Nc6 3. Bb5 a6 4. Ba4 Nf6 5. O-O Be7 6. d3 b5 7. Bb3 d6 8. a3 O-O 9. Nc3 Na5 10. Ba2 Be6 11. b4 Nc6 12. Bg5 Bxa2 13.
Rxa2 Qd7 14. Bxf6 Bxf6 15. Nd5 a5 16. Rb2 axb4 17. axb4 Bd8 18. c4 Nd4 19. Nxd4 exd4 20. Qc2 c6 21. Nf4 Qb7 22. cxb5 Qxb5 23. Ne2 Bf6 24. g3 Ra3 25. Rb3 Rxb3 26. Qxb3 Ra8 27. Rc1 g6 28. Qc4 Qxc4 29. Rxc4 Ra2 30. Kf1 Ra1+ 31. Kg2 Ra2 32. Nxd4 Bxd4 33. Rxd4 c5 34. bxc5 dxc5 35. Rd8+ Kg7 36. Kf3 Kf6 37. Rc8 Rc2 38. h4 h5 39. Ke3 Ke6 40. Rc7 Kf6 41. Rc6+ Ke7 42. e5 Kd7 43. Rf6 Ke7 44. Ke4 Rd2 45. f4 Rg2 46. Rc6 Re2+ 47. Kf3 Rd2 48.
Ke3 Rg2 49. Rxc5 Rxg3+ 50. Ke4 Rh3 51. Rc7+ Ke8 52. d4 Rxh4 53. Rc8+ Kd7 54. Rg8 Rh1 55. d5 Re1+ 56. Kf3 Rf1+ 57. Ke3 Re1+ 58. Kf2 Rd1 59. d6 h4 60. Rh8 g5 61. Rh7 gxf4 62. Rxf7+ Ke6 63. Rxf4 Kxe5 64. Rxh4 Rxd6 65. Rh3 Rf6+ 66.
Rf3 Rxf3+ 67. Kxf3 1/2-1/2

[Event "Airthings Masters MCCT Prel 2022"]
[Site "Online"]
[Date "2022.02.13"]
[Round "14.7"]
[White "Keymer, Vincent"]
[Black "Le, Quang Liem"]
[Result "0-1"]
[ECO "D77"]
[WhiteElo "2664"]
[BlackElo "2709"]
[Annotator "RC"]
[PlyCount "136"]
[EventDate "2022.02.18"]
[EventType "tourn"]
[EventCountry "NET"]
[SourceTitle "playchess.com"]
[Source "ChessBase"]
[SourceQuality "1"]
[TimeControl "900+10"]

1. c4 Nf6 2. Nf3 e6 3. b3 b6 4. g3 Bb7 5. Bg2 g6 6. Bb2 Bg7 7. O-O O-O 8. d4 d5 9. cxd5 exd5 10. Nc3 Re8 11. Rc1 a6 12. Ne5 Nbd7 13.
Nd3 Ne4 14. e3 Ndf6 15. Ne2 a5 16. Re1 Ba6 17. Ne5 c5 18.
f3 Nd6 19. Nf4 Rc8 20. g4 g5 21. Nh3 h6 22. f4 Nde4 23. Nf2 Nxf2 24. Kxf2 c4 25. a4 cxb3 26. Qxb3 Rxc1 27. Bxc1 gxf4 28. exf4 Nxg4+ 29. Kg1 Qh4 30. Qg3 Qxg3 31. hxg3 Bc4 32. Bd2 Nxe5 33. fxe5 f6 34. Bf4 fxe5 35. dxe5 Kf7 36. Bh3 Ke7 37. Rb1 Kd8 38. Rxb6 Bxe5 39. Rxh6 Bxf4 40. gxf4 Kc7 41. Be6 Rf8 42. f5 Kd6 43. Kf2 Ke5 44. Rh1 Bd3 45. Re1+ Kd6 46. Ke3 Bxf5 47. Bxf5 Rxf5 48. Rb1 Re5+ 49. Kd3 Re4 50. Ra1 Kc5 51. Ra2 Rd4+ 52. Kc3 Rh4 53. Ra1 Rh3+ 54. Kd2 Kd4 55. Ke2 Rh2+ 56. Kf3 Rd2 57. Rh1 Ra2 58. Rh4+ Kd3 59. Rh5 Kc4 60. Rh4+ d4 61. Ke4 Re2+ 62. Kf3 Re8 63. Rh5 d3 64. Rh7 d2 65. Rc7+ Kb3 66. Rd7 Kc2 67. Rc7+ Kd1 68. Rd7 Ke1 0-1

[Event "Airthings Masters MCCT Prel 2022"]
[Site "Online"]
[Date "2022.02.13"]
[Round "14.8"]
[White "Niemann, Hans Moke"]
[Black "Praggnanandhaa R"]
[Result "1-0"]
[ECO "A20"]
[WhiteElo "2642"]
[BlackElo "2612"]
[Annotator "ChessBase"]
[PlyCount "85"]
[EventDate "2022.02.18"]
[EventType "tourn"]
[EventCountry "NET"]
[SourceTitle "playchess.com"]
[Source "ChessBase"]
[SourceQuality "1"]
[TimeControl "900+10"]

1. c4 e5 2. g3 c6 3. d4 e4 4. a3 d5 5. Nc3 Be7 6. Bg2 Nf6 7. f3 exf3 8.
Nxf3 O-O 9. O-O h6 10. h3 Be6 11. g4 Ne4 12. Qc2 Nxc3 13. bxc3 Nd7 14. Rb1 Qc7 15. g5 Qg3 16. gxh6 Bxh3 17. Rf2 g6 18. Qd2 Bf5 19. Rxb7 Rab8 20. Rxb8 Rxb8 21. Qf4 Bd6 22. Qxg3 Bxg3 23. Rf1 Re8 24. cxd5 cxd5 25. Ng5 Nb6 26. Bh3 Bxh3 27. Rxf7 Be6 28. Rg7+ Kh8 29. Rxg6 Bg8 30. h7 Be1 31. Bf4 Nc4 32. hxg8=R+ Rxg8 33. Rh6+ Kg7 34. Ra6 Bxc3 35. e3 Bd2 36. Kf2 Re8 37. Rxa7+ Kf6 38. Ra6+ Kf5 39. Nf7 Ke4 40. Ke2 Bc1 41. Rf6 Rg8 42. Ng5+ Rxg5 43. Bxg5 1-0

[Event "Airthings Masters MCCT Prel 2022"]
[Site "Online"]
[Date "2022.02.13"]
[Round "15.1"]
[White "Praggnanandhaa R"]
[Black "Artemiev, Vladislav"]
[Result "1-0"]
[ECO "C55"]
[WhiteElo "2612"]
[BlackElo "2700"]
[Annotator "RC"]
[PlyCount "63"]
[EventDate "2022.02.18"]
[EventType "tourn"]
[EventCountry "NET"]
[SourceTitle "playchess.com"]
[Source "ChessBase"]
[SourceQuality "1"]
[TimeControl "900+10"]

1. e4 e5 2. Nf3 Nc6 3. Bc4 Nf6 4. d3 Be7 5. O-O O-O 6. Re1 d6 7. a4 h6 8. a5 a6 9. Nc3 Re8 10. h3 Bf8 11. d4 exd4 12. Nxd4 d5 13.
Nxd5 Nxd5 14. Nxc6 bxc6 15. exd5 Rxe1+ 16. Qxe1 cxd5 17. Bf1 c5 18. Bf4 Bb7 19. Qc3 Bc6 20. Rd1 Bb5 21. Bxb5 axb5 22. Qe5 Qxa5 23. Rxd5 Qa2 24. Rd7 g6 25. Qe4 Bg7 26. b3 Rf8 27. Bd6 Qa8 28. Qf4 Qe8 29. Re7 Qa8 30. Rc7 Qd8 31. Bxf8 Qxf8 32. Rb7 1-0

[Event "Airthings Masters MCCT Prel 2022"]
[Site "Online"]
[Date "2022.02.13"]
[Round "15.2"]
[White "Le, Quang Liem"]
[Black "Niemann, Hans Moke"]
[Result "1/2-1/2"]
[ECO "D38"]
[WhiteElo "2709"]
[BlackElo "2642"]
[Annotator "RC"]
[PlyCount "178"]
[EventDate "2022.02.18"]
[EventType "tourn"]
[EventCountry "NET"]
[SourceTitle "playchess.com"]
[Source "ChessBase"]
[SourceQuality "1"]
[TimeControl "900+10"]

1. d4 Nf6 2. c4 e6 3. Nf3 d5 4. Nc3 Bb4 5. Qa4+ Nc6 6. a3 Bxc3+ 7. bxc3 Ne4 8.
e3 Nxc3 9. Qc2 Ne4 10. Bd3 Nd6 11. Nd2 dxc4 12. Nxc4 Nxc4 13. Bxc4 e5 14. d5 Ne7 15. O-O O-O 16. a4 c6 17. dxc6 Nxc6 18. Ba3 Re8 19. Rfd1 Qf6 20. Qb2 Be6 21. Bxe6 Qxe6 22. Qxb7 Rab8 23. Qa6 Qc8 24. Qe2 Rd8 25. h3 h6 26. Rac1 Qb7 27. Bd6 Nd4 28. exd4 Rxd6 29. Qxe5 Rbd8 30. Rc3 Rd5 31. Qf4 Qb4 32. Rc7 R5d7 33. Rdc1 Qxa4 34. Rxd7 Qxd7 35. Rc7 Qxd4 36. Qxf7+ Kh8 37. Rxa7 Qd1+ 38.
Kh2 Qd6+ 39. g3 Qf8 40. Qa2 Qf6 41. Rf7 Qd6 42. Qb2 Qg6 43.
Rf4 Qe6 44. Qb7 Qe1 45. Qf3 Qe7 46. h4 Qe6 47. h5 Kg8 48.
Rf5 Re8 49. Qg4 Kh7 50. Kh3 Qc6 51. f3 Qe6 52. Ra5 Qxg4+ 53. Kxg4 Rb8 54. f4 Rb3 55. Ra8 Rc3 56. Kh4 Rc4 57. Rf8 Rb4 58.
Re8 Ra4 59. Rf8 Rb4 60. g4 Ra4 61. Kg3 Ra3+ 62. Kf2 Ra2+ 63. Kg3 Ra3+ 64. Kh4 Ra4 65. f5 Ra6 66. Rc8 Ra3 67. Rc4 Rb3 68.
Rc7 Kg8 69. Rc6 Kh7 70. Rc7 Kg8 71. Rc4 Kh7 72. g5 hxg5+ 73.
Kxg5 Rg3+ 74. Rg4 Ra3 75. Rb4 Rg3+ 76. Kf4 Rg1 77. Rb8 Rf1+ 78. Ke5 Re1+ 79. Kd6 Kh6 80. Rg8 Re2 81. Kd5 Re1 82. Kd4 Re7 83. f6 gxf6 84. Rg6+ Kxh5 85. Rxf6 Kg5 86. Rd6 Kf5 87. Rd5+ Ke6 88. Re5+ Kf6 89. Rxe7 Kxe7 1/2-1/2

[Event "Airthings Masters MCCT Prel 2022"]
[Site "Online"]
[Date "2022.02.13"]
[Round "15.3"]
[White "Hansen, Eric"]
[Black "Keymer, Vincent"]
[Result "1/2-1/2"]
[ECO "B51"]
[WhiteElo "2606"]
[BlackElo "2664"]
[Annotator "ChessBase"]
[PlyCount "123"]
[EventDate "2022.02.18"]
[EventType "tourn"]
[EventCountry "NET"]
[SourceTitle "playchess.com"]
[Source "ChessBase"]
[SourceQuality "1"]
[TimeControl "900+10"]

1. e4 c5 2. Nf3 d6 3. Bb5+ Nd7 4. c3 Ngf6 5. Bd3 a6 6. Bc2 b5 7. d4 Bb7 8. Nbd2 e6 9. O-O Be7 10. Re1 Qc7 11. Nf1 O-O 12. Ng3 Rfc8 13.
Bd3 b4 14. cxb4 cxb4 15. Bd2 a5 16. a3 bxa3 17. Rxa3 Qd8 18. Qa1 d5 19. Rxa5 dxe4 20. Nxe4 Nxe4 21. Bxe4 Bxe4 22. Rxe4 Rxa5 23. Qxa5 Qxa5 24. Bxa5 Rc2 25. Bc3 Nf6 26. Re1 Nd5 27. Rb1 g5 28. Kf1 g4 29. Ne1 Nxc3 30. bxc3 Rxc3 31. Rd1 Bd6 32. g3 Kg7 33. Ng2 f5 34. Ne3 Kf6 35. Ke2 h5 36. h3 gxh3 37. Rh1 h4 38.
Rxh3 hxg3 39. Rh6+ Kf7 40. fxg3 Bxg3 41. d5 exd5 42. Nxd5 Rc2+ 43. Kf3 Be5 44. Ra6 Rc5 45. Ra7+ Kg6 46. Nf4+ Kf6 47. Ra6+ Kf7 48. Ra7+ Kf6 49. Ra6+ Kf7 50. Ra7+ Bc7 51. Nd5 Rxd5 52. Rxc7+ Kf6 53. Rc8 Rd3+ 54. Kf4 Rd4+ 55. Kf3 Ra4 56. Rf8+ Ke5 57. Re8+ Kf6 58. Rf8+ Kg6 59. Rg8+ Kf7 60. Rb8 Rc4 61. Rb6 Ra4 62. Rc6 1/2-1/2

[Event "Airthings Masters MCCT Prel 2022"]
[Site "Online"]
[Date "2022.02.13"]
[Round "15.4"]
[White "Ding, Liren"]
[Black "Kosteniuk, Alexandra"]
[Result "1-0"]
[ECO "A34"]
[WhiteElo "2799"]
[BlackElo "2516"]
[Annotator "RC"]
[PlyCount "63"]
[EventDate "2022.02.18"]
[EventType "tourn"]
[EventCountry "NET"]
[SourceTitle "playchess.com"]
[Source "ChessBase"]
[SourceQuality "1"]
[TimeControl "900+10"]

1. c4 c5 2. g3 Nf6 3. Bg2 d5 4. cxd5 Nxd5 5. Nc3 Nc7 6. Nf3 Nc6 7. a3 Rb8 8. b4 e6 9. bxc5 Bxc5 10. Bb2 O-O 11. O-O b6 12. Rc1 Bb7 13.
Ne4 Be7 14. d3 Nd5 15. Rc2 f5 16. Ned2 Rc8 17. Qa1 Bf6 18. Rfc1 Bxb2 19. Qxb2 Qf6 20. d4 Na5 21. Ne5 Qe7 22. Bxd5 Rxc2 23. Bxe6+ Qxe6 24. Rxc2 Qd5 25. f3 f4 26. Rc7 Rd8 27. gxf4 Qd6 28. Qa2+ Bd5 29. Qc2 Be6 30. Ne4 Qxd4+ 31. Kg2 Bb3 32. Nf6+ 1-0

[Event "Airthings Masters MCCT Prel 2022"]
[Site "Online"]
[Date "2022.02.13"]
[Round "15.5"]
[White "Duda, Jan-Krzysztof"]
[Black "Nepomniachtchi, Ian"]
[Result "1/2-1/2"]
[ECO "C65"]
[WhiteElo "2760"]
[BlackElo "2773"]
[Annotator "RC"]
[PlyCount "144"]
[EventDate "2022.02.18"]
[EventType "tourn"]
[EventCountry "NET"]
[SourceTitle "playchess.com"]
[Source "ChessBase"]
[SourceQuality "1"]
[TimeControl "900+10"]

1. e4 e5 2. Nf3 Nc6 3. Bb5 Nf6 4. d3 Bc5 5. c3 d5 6. exd5 Qxd5 7. Bc4 Qd6 8. O-O O-O 9. Nbd2 Bf5 10. b4 Bb6 11. Qe2 Rad8 12. a4 a6 13.
Ne4 Nxe4 14. dxe4 Bg4 15. h3 Be6 16. Ba3 Bxc4 17. Qxc4 Rfe8 18. a5 Ba7 19. b5 axb5 20. Bxd6 bxc4 21. Bxc7 Rd7 22. Bb6 Bxb6 23. axb6 Rd3 24. Rfc1 f6 25. Ne1 Rd2 26. Nc2 Rc8 27. Ne3 Ne7 28. Ra7 Rd7 29. Ra4 Rd6 30. Rb4 Rc5 31. Ra1 Nc8 32. Ra8 Kf7 33. Rb8 Nxb6 34. Rxb7+ Nd7 35. Rxc4 Rxc4 36. Nxc4 Rd1+ 37. Kh2 Ke6 38. Rc7 Rc1 39. Rc6+ Kf7 40. Nd6+ Ke7 41. Nf5+ Kf7 42. f3 Rd1 43. Ne3 Rd2 44. Nd5 f5 45. Rc7 Ke8 46. Rc8+ Kf7 47. Rc7 Ke8 48. c4 fxe4 49. fxe4 Rc2 50. Kg3 h6 51. Kf3 Kd8 52. Rc6 Ke8 53. h4 h5 54. g4 hxg4+ 55. Kxg4 Kf7 56. Kf3 Rc1 57. Ne3 Rh1 58. Rc7 Ke6 59. c5 Rxh4 60. Nf5 Rh3+ 61. Ke2 Nf8 62. c6 Kf6 63. Nxg7 Rc3 64. Kd2 Rc5 65. Ne8+ Ke6 66. Ng7+ Kf6 67. Ne8+ Ke6 68. Rc8 Ke7 69. Nc7 Kd6 70. Ne8+ Ke7 71. Nc7 Kd6 72. Ne8+ Ke7 1/2-1/2

[Event "Airthings Masters MCCT Prel 2022"]
[Site "Online"]
[Date "2022.02.13"]
[Round "15.6"]
[White "Aronian, Levon"]
[Black "Esipenko, Andrey"]
[Result "0-1"]
[ECO "C54"]
[WhiteElo "2772"]
[BlackElo "2714"]
[Annotator "RC"]
[PlyCount "40"]
[EventDate "2022.02.18"]
[EventType "tourn"]
[EventCountry "NET"]
[SourceTitle "playchess.com"]
[Source "ChessBase"]
[SourceQuality "1"]
[TimeControl "900+10"]

1. e4 e5 2. Nf3 Nc6 3. Bc4 Bc5 4. d3 Nf6 5. O-O O-O 6. Re1 h6 7. c3 d6 8. Nbd2 Bb6 9. Bb3 Ng4 10. Re2 Na5 11. Bc2 f5 12. h3 Nf6 13. d4 fxe4 14. Nxe4 Nxe4 15. Rxe4 Bf5 16. Re1 Bxc2 17. Qxc2 exd4 18. Bxh6 Rxf3 19. gxf3 Qh4 20. Bc1 d3 0-1

[Event "Airthings Masters MCCT Prel 2022"]
[Site "Online"]
[Date "2022.02.13"]
[Round "15.7"]
[White "Mamedyarov, Shakhriyar"]
[Black "Abdusattorov, Nodirbek"]
[Result "1-0"]
[ECO "E68"]
[WhiteElo "2767"]
[BlackElo "2651"]
[Annotator "RC"]
[PlyCount "115"]
[EventDate "2022.02.18"]
[EventType "tourn"]
[EventCountry "NET"]
[SourceTitle "playchess.com"]
[Source "ChessBase"]
[SourceQuality "1"]
[TimeControl "900+10"]

1. d4 Nf6 2. c4 g6 3. g3 Bg7 4. Bg2 O-O 5. Nc3 d6 6. Nf3 Nbd7 7. O-O e5 8. e4 exd4 9. Nxd4 Nc5 10. f3 Nfd7 11. Be3 Ne5 12. b3 c6 13. Qc2 a5 14. Rad1 Qe7 15. f4 Ng4 16. Bc1 a4 17. h3 axb3 18. axb3 Nf6 19. Kh2 Re8 20. Rfe1 Qc7 21. b4 Ne6 22. Nf3 Qb6 23. b5 Qc5 24. e5 dxe5 25.
Nxe5 cxb5 26. Nxb5 Ra6 27. Be3 Qb4 28. Rb1 Qa5 29. c5 Bf8 30.
Nc4 Qa2 31. Rb2 Qa4 32. Qxa4 Rxa4 33. Ncd6 Rd8 34. Nxc8 Rxc8 35. Bxb7 Rxc5 36. Bxc5 Nxc5 37. Nc3 Rc4 38.
Nd5 Bg7 39. Ne7+ Kf8 40. Bd5 Re4 41. Bxe4 Nfxe4 42. Rc2 Bd4 43. Nd5 Bf2 44. Rxe4 Nxe4 45. Kg2 Ba7 46. Rc7 Bc5 47. Kf3 Nd2+ 48. Ke2 Ne4 49. Kd3 Nf2+ 50. Kc4 Ba3 51. Ra7 Bd6 52. Ra6 Ne4 53. g4 Bc5 54. g5 Bg1 55. Nf6 Nc5 56. Ra8+ Ke7 57. Ra1 Bf2 58. Rf1 1-0

[Event "Airthings Masters MCCT Prel 2022"]
[Site "Online"]
[Date "2022.02.13"]
[Round "15.8"]
[White "Giri, Anish"]
[Black "Carlsen, Magnus"]
[Result "1/2-1/2"]
[ECO "C88"]
[WhiteElo "2772"]
[BlackElo "2865"]
[Annotator "RC"]
[PlyCount "91"]
[EventDate "2022.02.18"]
[EventType "tourn"]
[EventCountry "NET"]
[SourceTitle "playchess.com"]
[Source "ChessBase"]
[SourceQuality "1"]
[TimeControl "900+10"]

1. e4 e5 2. Nf3 Nc6 3. Bb5 a6 4. Ba4 Nf6 5. O-O Be7 6. Re1 b5 7. Bb3 O-O 8. a4 Rb8 9. axb5 axb5 10. h3 d6 11. d3 Bd7 12. Nc3 Nb4 13. Ne2 c5 14. Ng3 Qc7 15. Bd2 Nc6 16. Bg5 h6 17. Bxf6 Bxf6 18. Nf1 Nd4 19. Nxd4 exd4 20. Bd5 c4 21. b3 Be6 22. Bxe6 fxe6 23. Nd2 c3 24. Nf3 Ra8 25. Qe2 e5 26. g3 Ra7 27. h4 Rfa8 28. Rxa7 Rxa7 29. Rd1 Ra2 30. Ne1 Qd7 31. Kg2 Kf7 32. Rb1 Ke7 33. Qd1 Qa7 34. Qg4 Kd8 35. Qe6 Qd7 36. Qg8+ Kc7 37. b4 Ra4 38. Nf3 Kb7 39. Qd5+ Qc6 40. Qf7+ Qc7 41. Qe6 Ra6 42. Nh2 Qc8 43. Qf7+ Qc7 44. Qe6 Qc8 45. Qf7+ Qc7 46. Qe6 1/2-1/2